 Dungeon Crawl Stone Soup version 0.25.1-8-g42b30a86e7 (webtiles) character file.

Game seed: 16744849588319357565

1474 Destapler the Cudgeler (level 8, 0/70 HPs)
             Began as a Minotaur Fighter on Dec 19, 2020.
             Was a Follower of Okawaru.
             Slain by a killer bee (5 damage)
             ... while paralysed
             ... on level 5 of the Dungeon.
             The game lasted 00:17:38 (4399 turns).

Destapler the Cudgeler (Minotaur Fighter)           Turns: 4399, Time: 00:17:38

Health: 0/70       AC:  8    Str: 19 (21) XL:     8   Next: 49%
Magic:  7/7        EV:  2    Int: -1 (1)  God:    Okawaru [*.....]
Gold:   264        SH:  0    Dex: 16 (18) Spells: 7/7 levels left

rFire    . . .     SeeInvis .   a - +1 flail
rCold    . . .     Gourm    .   c - +0 kite shield
rNeg     . . .     Faith    .   b - +0 scale mail
rPois    +         Spirit   .   (helmet restricted)
rElec    .         Reflect  .   q - scarf {+Inv}
rCorr    .         Harm     .   k - +0 pair of gloves (curse)
MR       .....                  (no boots)
Stlth    +.........             (no amulet)
HPRegen  0.21/turn              t - ring of Kicaune {rPois Dex+6}
MPRegen  0.10/turn              w - -4 ring of intelligence (curse)

@: paralysed, slowed, lost intelligence
A: retaliatory headbutt, horns 2
a: Heroism, Renounce Religion, Evoke Invisibility


You were on level 5 of the Dungeon.
You worshipped Okawaru.
Okawaru was aware of your devotion.
You were not hungry.

You visited 2 branches of the dungeon, and saw 6 of its levels.
You also visited: Sewer.

You collected 264 gold pieces.

Inventory:

Hand Weapons
 a - a +1 flail (weapon)
 r - a +0 whip
 u - a +0 hand axe of venom
Missiles
 n - 2 poisoned darts (quivered)
Armour
 b - a +0 scale mail (worn)
 c - a +0 kite shield (worn)
 k - a cursed +0 pair of gloves (worn)
 q - a scarf of invisibility (worn)
Jewellery
 t - the ring of Kicaune (left hand) {rPois Dex+6}
   (You found it on level 4 of the Dungeon)

   [ring of dexterity]

   It affects your dexterity (+6).
   It protects you from poison.
 w - a cursed -4 ring of intelligence (right hand)
 y - an uncursed ring of positive energy {unknown}
Wands
 s - a wand of disintegration (8)
Scrolls
 e - a scroll of identify
 l - 3 scrolls of teleportation
 p - 2 scrolls of magic mapping
 v - a scroll of enchant weapon
 z - a scroll of amnesia
Potions
 d - 2 potions of lignification
 h - a potion of mutation {unknown}
 i - a potion of stabbing {unknown}
 j - a potion of curing {unknown}
 o - a potion of haste
 x - a potion of ambrosia {unknown}
Comestibles
 f - 10 rations
 m - 4 chunks of flesh


   Skills:
 + Level 6.0 Fighting
 * Level 7.7 Maces & Flails
 + Level 3.3 Throwing
 - Level 5.0 Armour
 + Level 2.6 Dodging
 - Level 3.0 Stealth
 + Level 6.0 Shields


You had 7 spell levels left.
You didn't know any spells.
Your spell library contained the following spells:

 Spells                   Type           Power        Failure   Level  Hunger
 Animate Skeleton         Necr           N/A          100%        1    ##.....
 Apportation              Tloc           #.....       100%        1    ##.....
 Corona                   Hex            #......      100%        1    ##.....
 Pain                     Necr           #...         100%        1    ##.....
 Summon Small Mammal      Summ           #...         100%        1    ##.....
 Vampiric Draining        Necr           #.........   100%        3    ####...
 Animate Dead             Necr           N/A          100%        4    #####..
 Agony                    Necr           #.......     100%        5    ######.


Dungeon Overview and Level Annotations

Branches:
Dungeon (5/15)             Temple (1/1) D:5           Sewer (visited)

Altars:
Ashenzari
Elyvilon
Fedhas
Makhleb
Okawaru
Ru
Sif Muna
Trog
Vehumet
Xom
Lugonu


Innate Abilities, Weirdness & Mutations

You reflexively headbutt those who attack you in melee.
You have a pair of horns on your head.


Message History

You block the killer bee's attack. The killer bee closely misses you.
You hit the killer bee.
The killer bee is severely wounded.
The killer bee stings you.
* * * LOW HITPOINT WARNING * * *
The killer bee stings you!
* * * LOW HITPOINT WARNING * * *
Okay, then.
Okay, then.
It was a potion of degeneration.
There was something very wrong with that liquid.
You feel weakened.
You feel dopey.
You have lost your intelligence.
You feel clumsy. The killer bee stings you.
* * * LOW HITPOINT WARNING * * *
The killer bee stings you!
* * * LOW HITPOINT WARNING * * *
The killer bee stings you but does no damage. x3
The killer bee stings you.
You die...

###....(#.##.####.....>.......##
#####...##.# #............###
#....#..#.# #...##...##..#
(....#####.#.# #...##...##.##
##.. .#.# #.[..y......# ## ...#
#.........### ##.. #........##
.. #...[....# ..#@y......#
##)####### e.e.!...# .......##
....... ...(... ....... (...y.y
.......


You could see 2 killer bees.

Vanquished Creatures
  Sigmund (D:3)
  Duvessa (D:5)
  2 ogres
  2 bullfrogs (Sewer)
  A scorpion (D:4)
  4 killer bees (D:5)
  Dowan (D:5)
  A howler monkey (D:5)
  A centaur zombie (D:5)
  2 bullfrog skeletons
  2 hounds
  An orc priest (D:4)
  An orc wizard (D:4)
  2 iguanas
  3 gnolls (D:2)
  12 adders
  11 oozes
  2 worms
  2 dart slugs
  15 leopard geckos
  7 orcs
  10 ball pythons (Sewer)
  8 bats
  16 giant cockroaches
  9 goblins
  6 hobgoblins
  2 jackals (D:1)
  10 kobolds
  2 quokkas (D:2)
  16 frilled lizards
  2 leopard gecko skeletons
  7 rats
162 creatures vanquished.

Notes
Turn   | Place    | Note
-------+----------+-------------------------------------------
     0 | D:1      | Destapler the Minotaur Fighter began the quest for the Orb.
     0 | D:1      | Reached XP level 1. HP: 19/19 MP: 0/0
   113 | D:1      | Reached XP level 2. HP: 27/27 MP: 1/1
   193 | D:1      | Reached skill level 3 in Maces & Flails
   359 | D:1      | Reached XP level 3. HP: 33/33 MP: 2/2
   597 | D:1      | You fall into a shaft and drop 1 floor!
   605 | D:2      | Reached skill level 1 in Throwing
   844 | D:2      | Reached XP level 4. HP: 40/40 MP: 3/3
   866 | D:2      | Found a shimmering blue altar of Sif Muna.
   871 | D:2      | Found an iron altar of Okawaru.
  1284 | D:2      | Reached skill level 4 in Maces & Flails
  1756 | D:3      | Noticed Sigmund
  1768 | D:3      | Killed Sigmund
  1768 | D:3      | Reached XP level 5. HP: 42/47 MP: 4/4
  1768 | D:3      | Reached XP level 6. HP: 47/53 MP: 5/5
  1945 | D:3      | Reached skill level 5 in Maces & Flails
  2031 | D:3      | Found a glowing drain.
  2035 | Sewer    | Entered a sewer
  2173 | Sewer    | Reached skill level 5 in Shields
  2180 | Sewer    | Reached skill level 5 in Armour
  2299 | Sewer    | Reached skill level 5 in Fighting
  2429 | Sewer    | Reached skill level 6 in Maces & Flails
  2443 | Sewer    | Reached XP level 7. HP: 58/61 MP: 6/6
  3086 | D:4      | Reached skill level 1 in Dodging
  3141 | D:4      | Got a pitted iron ring
  3143 | D:4      | Identified the ring of Kicaune {rPois Dex+6} (You found it
                  | on level 4 of the Dungeon)
  3152 | D:4      | Reached skill level 1 in Stealth
  3352 | D:4      | Found a shattered altar of Ashenzari.
  3720 | D:5      | Entered Level 5 of the Dungeon
  3815 | D:5      | Found a staircase to the Ecumenical Temple.
  3826 | Temple   | Entered the Ecumenical Temple
  3829 | Temple   | Reached skill level 7 in Maces & Flails
  3829 | Temple   | Reached XP level 8. HP: 40/70 MP: 7/7
  4129 | D:2      | Became a worshipper of Warmaster Okawaru
  4313 | D:5      | Noticed Dowan
  4313 | D:5      | Noticed Duvessa
  4358 | D:5      | Killed Dowan
  4367 | D:5      | Killed Duvessa
  4374 | D:5      | Reached * piety under Okawaru
  4397 | D:5      | Lost intelligence.
  4399 | D:5      | Slain by a killer bee

Illustrated notes

Levels and vault maps discovered:
D:1:      dpeg_arrival_yet_another_circle, layout_loops_ring
D:2:      layout_basic, minitemple
D:3:      layout_loops_ring, gup_sewer_entry_bowl, solitary_fountain,
          minmay_misc_feat_enclosed, minmay_pentangle, uniq_sigmund
D:4:      layout_rooms, ashenzari_altar_1, minmay_misc_feat_plants
D:5:      layout_rooms, yredelemnul_forgotten_temple_becter,
          minmay_temple_entry_stoned_glass, basic_altar, first_ration,
          uniq_duvessa
Temple:   corrupted_temple

Skill      XL: |  1  2  3  4  5  6  7  8 |
---------------+-------------------------+-----
Maces & Flails | 3 4 6 7 |  7.7
Armour         | 4 5 |  5.0
Throwing       | 1 2 3 |  3.3
Fighting       | 4 5 6 |  6.0
Shields        | 4 5 6 |  6.0
Dodging        | 1 2 |  2.6
Stealth        | 2 3 |  3.0

Action                   |  1- 3 |  4- 6 |  7- 9 || total
-------------------------+-------+-------+-------++-------
Melee: Flail             |    86 |   197 |   153 ||   436
       Headbutt          |     7 |    26 |    28 ||    61
Throw: Dart              |       |    17 |     5 ||    22
  Use: Potion            |     1 |       |     3 ||     4
       Scroll            |       |     3 |     5 ||     8
  Eat: Chunk             |       |     6 |     6 ||    12
Armor: Scale mail        |    54 |    87 |    30 ||   171
       Skin              |       |       |    52 ||    52
Dodge: Dodged            |    45 |    62 |    50 ||   157
Block: Kite shield       |    59 |    97 |    88 ||   244
